WASHINGTON vs VANCOUVER

Created - April 26, 2021 at 18:51

Goals
1 2 3 T
WASHINGTON 1 2 1 4
VANCOUVER 2 0 0 2
Shots
1 2 3 T
WASHINGTON 8 8 10 26
VANCOUVER 8 2 7 17

1st period

1. WASHINGTON , Ryan Graves 6 (Clayton Keller 18, Ryan Getzlaf 21) at 2:05 (PP)
2. VANCOUVER , Luca Sbisa 3 (Nick Schmaltz 18, Nikolaj Ehlers 20) at 6:57
3. VANCOUVER , Nikolaj Ehlers 23 (Erik Johnson 20, Ryan Ellis 34) at 18:00 (PP)

Penalties :
Nazem Kadri (VAN) for High sticking (Minor) at 1:05, Zach Parise (VAN) for Roughing (Minor) at 7:32, Ryan Getzlaf (WSH) for Tripping (Minor) at 12:10, Luke Glendening (WSH) for Slashing (Minor) at 17:03, Luca Sbisa (VAN) for High sticking (Minor) at 19:39

2nd period

4. WASHINGTON , Clayton Keller 17 (Ryan Graves 12) at 4:12
5. WASHINGTON , Cal Clutterbuck 7 (Victor Mete 16, Dylan DeMelo 15) at 10:01

Penalties :
Nikolaj Ehlers (VAN) for Hooking (Minor) at 12:22, Radko Gudas (WSH) for Roughing (Minor) at 12:22, Sami Vatanen (VAN) for Hooking (Minor) at 18:05, Sam Bennett (WSH) for Roughing (Minor) at 18:05, Zach Parise (VAN) for Hooking (Minor) at 19:59

3rd period

6. WASHINGTON , Damon Severson 11 (Brendan Gallagher 17, Ryan Getzlaf 22) at 3:28 (PP)

Penalties :
Zach Parise (VAN) for Hooking (Minor) at 3:02, Luca Sbisa (VAN) for Cross-checking (Minor) at 5:27, Sam Bennett (WSH) for Hooking (Minor) at 7:51, Nazem Kadri (VAN) for Slashing (Minor) at 12:07, Sheldon Dries (VAN) for Unsportsmanlike conduct (Minor) at 17:04, Dylan DeMelo (WSH) for Cross-checking (Minor) at 17:04

Goalie Stats

Carter Hart (WSH), 15 saves from 17 shots - (0.882), W, 24-12-6, 60:00 minutes
Petr Mrazek (VAN), 22 saves from 26 shots - (0.846), L, 22-31-4, 60:00 minutes

Players Stats for WASHINGTON

Player Name              G  A  P  +/- PIM S  H  SB GA TA FO     MP     PP MP  PK MP  
------------------------------------------------------------------------------------
Blake Wheeler            0  0  0  -1  0   5  2  0  0  0  0/1    19:44   5:38   0:00 
Brayden Schenn           0  0  0  -1  0   3  2  0  0  0  1/2    17:27   5:38   0:00 
Brendan Gallagher        0  1  1   1  0   1  1  0  0  0  1/2    14:47   5:33   0:00 
Cal Clutterbuck          1  0  1   1  0   1  1  0  0  0  1/2    12:23   0:05   1:33 
Casey Cizikas            0  0  0   1  0   1  0  0  0  0  0/0    13:08   0:05   2:18 
Christian Fischer        0  0  0   0  0   1  2  1  0  0  0/1     7:54   0:00   0:00 
Clayton Keller           1  1  2   1  0   3  0  0  0  0  0/0    14:47   5:33   0:00 
Damon Severson           1  0  1   0  0   3  6  2  0  0  0/0    22:51   5:48   2:32 
Dylan DeMelo             0  1  1   1  2   1  1  1  0  0  0/0    13:56   0:25   0:10 
Kevin Labanc             0  0  0   0  0   0  0  0  0  0  0/0     8:54   0:00   0:06 
Luke Glendening          0  0  0   1  2   0  0  0  0  0  9/13   12:44   0:00   2:00 
Radko Gudas              0  0  0   0  2   0  1  1  0  0  0/0    18:02   0:41   2:22 
Ryan Getzlaf             0  2  2   1  2   1  3  0  0  0  11/20  17:10   5:33   1:28 
Ryan Graves              1  1  2   1  0   2  1  0  0  0  0/0    23:46   4:27   2:23 
Ryan O'Reilly            0  0  0  -1  0   3  0  0  0  0  17/32  22:02   5:38   2:18 
Sam Bennett              0  0  0   0  4   0  5  0  0  0  4/7     8:04   0:05   0:07 
Victor Hedman            0  0  0   0  0   1  2  2  0  0  0/0    26:24   6:24   2:23 
Victor Mete              0  1  1   0  0   0  1  0  0  0  0/0    14:59   4:47   0:00 

Players Stats for VANCOUVER

Player Name              G  A  P  +/- PIM S  H  SB GA TA FO     MP     PP MP  PK MP  
------------------------------------------------------------------------------------
Alex Steen               0  0  0   0  0   0  0  0  0  0  1/1     3:43   0:00   1:21 
Erik Johnson             0  1  1  -1  0   0  4  2  0  0  0/0    23:44   2:39   5:53 
Hampus Lindholm          0  0  0   0  0   0  2  0  0  0  0/0    22:49   2:16   5:28 
Jakub Vrana              0  0  0  -1  0   2  0  0  0  0  0/0    14:27   0:00   0:00 
Jonathan Huberdeau       0  0  0  -1  0   2  0  0  0  0  0/0    22:21   2:02   7:24 
Luca Sbisa               1  0  1   0  4   1  1  0  0  0  0/0    13:25   0:00   0:00 
Mark Stone               0  0  0  -1  0   1  0  0  0  0  12/26  24:14   2:02   7:29 
Melker Karlsson          0  0  0  -1  0   1  0  1  0  0  1/2    14:27   0:00   0:00 
Nazem Kadri              0  0  0  -1  4   1  2  0  0  0  7/11   10:51   2:02   0:00 
Nick Schmaltz            0  1  1   1  0   1  0  0  0  0  10/20  15:11   2:53   0:06 
Nikolaj Ehlers           1  1  2   1  2   3  4  0  0  0  0/1    20:15   2:53   3:51 
Ryan Ellis               0  1  1  -1  0   3  2  2  0  0  0/0    23:44   2:39   5:53 
Sami Vatanen             0  0  0   0  2   0  3  1  0  0  0/0    21:40   2:16   5:28 
Sheldon Dries            0  0  0  -1  2   0  2  0  0  0  1/7    14:26   0:00   0:00 
TJ Brodie                0  0  0   0  0   0  0  3  0  0  0/0    14:35   0:00   0:00 
Trevor Moore             0  0  0   0  0   0  0  0  0  0  0/1     1:02   0:00   0:00 
Troy Brouwer             0  0  0   0  0   0  0  0  0  0  0/0     2:23   0:00   0:01 
Zach Parise              0  0  0   1  6   2  1  0  0  0  4/11   19:15   2:53   2:25 

3 Stars

1 - Ryan Graves (WSH)
2 - Damon Severson (WSH)
3 - Clayton Keller (WSH)

Power Play

WASHINGTON - 2 on 7 Attempt(s) - 28.57%
VANCOUVER - 1 on 3 Attempt(s) - 33.33%

Penalty Kill

WASHINGTON - 2 on 3 Attempt(s) - 66.67% - Score 0 goal in Penalty Kill
VANCOUVER - 5 on 7 Attempt(s) - 71.43% - Score 0 goal in Penalty Kill

Team Stat

WASHINGTON - Hits : 28 - Faceoff Wins : 44 - Blocked Shots : 7 - Penalty Minutes : 12
VANCOUVER - Hits : 21 - Faceoff Wins : 36 - Blocked Shots : 9 - Penalty Minutes : 20

Official

Referees : TJ Luxmore and Kyle Liboiron
Linesman : Andrew Mielniczek and Marc Tarbuskovich

Game Notes

No Game Note

Finance

Level 1 -- Attendance: 5645 (94.08%) -- Ticket Income $485,470
Level 2 -- Attendance: 4723 (94.46%) -- Ticket Income $264,488
Level 3 -- Attendance: 1995 (99.75%) -- Ticket Income $63,840
Level 4 -- Attendance: 3878 (96.95%) -- Ticket Income $73,682
Luxury Box -- Attendance: 893 (89.30%) -- Ticket Income $162,526
Game was played at the Rogers Arena.
Total Attendance: 17134 (95.19%)
Total Ticket Income: $1,050,006
Total Income: $1,050,006

WASHINGTON

5 vs 5 Forward 
   Center                   Left Wing                Right Wing               Time % Phy DF OF 
 1 Ryan O'Reilly            Brayden Schenn           Blake Wheeler            40     0   2  3  
 2 Ryan Getzlaf             Clayton Keller           Brendan Gallagher        35     0   2  3  
 3 Luke Glendening          Casey Cizikas            Cal Clutterbuck          20     1   3  1  
 4 Sam Bennett              Christian Fischer        Kevin Labanc             5      1   3  1  

5 vs 5 Defense 
   Defense                  Defense                                           Time % Phy DF OF 
 1 Victor Hedman            Ryan Graves                                       45     0   3  2  
 2 Damon Severson           Radko Gudas                                       40     0   3  2  
 3 Dylan DeMelo             Victor Mete                                       10     0   3  2  
 4 Victor Hedman            Dylan DeMelo                                      5      0   3  2  

PowerPlay Forward 
   Center                   Left Wing                Right Wing               Time % Phy DF OF 
 1 Ryan O'Reilly            Brayden Schenn           Blake Wheeler            50     0   0  5  
 2 Ryan Getzlaf             Clayton Keller           Brendan Gallagher        50     0   0  5  

PowerPlay Defense
   Defense                  Defense                                           Time % Phy DF OF 
 1 Victor Hedman            Damon Severson                                    65     0   1  4  
 2 Ryan Graves              Victor Mete                                       35     0   1  4  

Penalty Kill 4 Players Forward 
   Center                   Wing                     Time % Phy DF OF 
 1 Ryan O'Reilly            Casey Cizikas            50     0   5  0  
 2 Luke Glendening          Ryan Getzlaf             50     0   5  0  

Penalty Kill 4 Players Defense
   Defense                  Defense                  Time % Phy DF OF 
 1 Victor Hedman            Ryan Graves              50     0   5  0  
 2 Damon Severson           Radko Gudas              50     0   5  0  

Penalty Kill - 3 Players Forward 
   Forward                                           Time % Phy DF OF 
 1 Ryan O'Reilly                                     65     0   5  0  
 2 Luke Glendening                                   35     0   5  0  

Penalty Kill - 3 Players Defense
   Defense                  Defense                  Time % Phy DF OF 
 1 Victor Hedman            Ryan Graves              65     0   5  0  
 2 Damon Severson           Radko Gudas              35     0   5  0  

4 vs 4 Forward 
   Center                   Wing                     Time % Phy DF OF 
 1 Ryan O'Reilly            Blake Wheeler            65     0   2  3  
 2 Ryan Getzlaf             Brayden Schenn           35     0   2  3  

4 vs 4 Defense
   Defense                  Defense                  Time % Phy DF OF 
 1 Victor Hedman            Ryan Graves              65     0   3  2  
 2 Damon Severson           Radko Gudas              35     0   3  2  

Last Minutes Offensive
   Center                   Left Wing                Right Wing               Defense                  Defense                  
   Ryan O'Reilly            Brayden Schenn           Blake Wheeler            Victor Hedman            Damon Severson           

Last Minutes Defensive
   Center                   Left Wing                Right Wing               Defense                  Defense                  
   Ryan O'Reilly            Casey Cizikas            Blake Wheeler            Victor Hedman            Ryan Graves              

Goaltenders
Starting : Carter Hart              
Backup : Carter Hutton            

Extra Forwards
Normal : Blake Wheeler, Ryan O'Reilly, Brayden Schenn - PP : Casey Cizikas, Sam Bennett - PK : Cal Clutterbuck
Extra Defensemen
Normal : Victor Hedman, Damon Severson, Ryan Graves - PP : Radko Gudas - PK : Dylan DeMelo, Victor Mete
Penalty Shots
Ryan Getzlaf, Blake Wheeler, Kevin Labanc, Ryan O'Reilly, Casey Cizikas

Scratches
WSH Cap Hit (Suspend), Martin Frk (Healthy)

VANCOUVER

5 vs 5 Forward 
   Center                   Left Wing                Right Wing               Time % Phy DF OF 
 1 Nazem Kadri              Jonathan Huberdeau       Mark Stone               35     1   2  2  
 2 Nick Schmaltz            Zach Parise              Nikolaj Ehlers           30     1   2  2  
 3 Sheldon Dries            Jakub Vrana              Melker Karlsson          25     1   2  2  
 4 Mark Stone               Alex Steen               Troy Brouwer             10     1   2  2  

5 vs 5 Defense 
   Defense                  Defense                                           Time % Phy DF OF 
 1 Ryan Ellis               Erik Johnson                                      35     1   2  2  
 2 Hampus Lindholm          Sami Vatanen                                      30     1   2  2  
 3 TJ Brodie                Luca Sbisa                                        25     1   2  2  
 4 Ryan Ellis               Erik Johnson                                      10     1   2  2  

PowerPlay Forward 
   Center                   Left Wing                Right Wing               Time % Phy DF OF 
 1 Nazem Kadri              Jonathan Huberdeau       Mark Stone               60     1   2  2  
 2 Nick Schmaltz            Zach Parise              Nikolaj Ehlers           40     1   2  2  

PowerPlay Defense
   Defense                  Defense                                           Time % Phy DF OF 
 1 Ryan Ellis               Erik Johnson                                      60     1   2  2  
 2 Hampus Lindholm          Sami Vatanen                                      40     1   2  2  

Penalty Kill 4 Players Forward 
   Center                   Wing                     Time % Phy DF OF 
 1 Mark Stone               Jonathan Huberdeau       60     1   2  2  
 2 Zach Parise              Nikolaj Ehlers           40     1   2  2  

Penalty Kill 4 Players Defense
   Defense                  Defense                  Time % Phy DF OF 
 1 Ryan Ellis               Erik Johnson             60     1   2  2  
 2 Hampus Lindholm          Sami Vatanen             40     1   2  2  

Penalty Kill - 3 Players Forward 
   Forward                                           Time % Phy DF OF 
 1 Mark Stone                                        60     1   2  2  
 2 Jonathan Huberdeau                                40     1   2  2  

Penalty Kill - 3 Players Defense
   Defense                  Defense                  Time % Phy DF OF 
 1 Ryan Ellis               Erik Johnson             60     1   2  2  
 2 Hampus Lindholm          Sami Vatanen             40     1   2  2  

4 vs 4 Forward 
   Center                   Wing                     Time % Phy DF OF 
 1 Mark Stone               Jonathan Huberdeau       60     1   2  2  
 2 Zach Parise              Nikolaj Ehlers           40     1   2  2  

4 vs 4 Defense
   Defense                  Defense                  Time % Phy DF OF 
 1 Ryan Ellis               Erik Johnson             60     1   2  2  
 2 Hampus Lindholm          Sami Vatanen             40     1   2  2  

Last Minutes Offensive
   Center                   Left Wing                Right Wing               Defense                  Defense                  
   Nazem Kadri              Jonathan Huberdeau       Mark Stone               Ryan Ellis               Erik Johnson             

Last Minutes Defensive
   Center                   Left Wing                Right Wing               Defense                  Defense                  
   Nazem Kadri              Jonathan Huberdeau       Mark Stone               Ryan Ellis               Erik Johnson             

Goaltenders
Starting : Petr Mrazek              
Backup : Hunter Miska             

Extra Forwards
Normal : Trevor Moore, Jakub Vrana, Alex Steen - PP : Trevor Moore, Jakub Vrana - PK : Alex Steen
Extra Defensemen
Normal : TJ Brodie, Luca Sbisa, Hampus Lindholm - PP : TJ Brodie - PK : Luca Sbisa, Hampus Lindholm
Penalty Shots
Mark Stone, Jonathan Huberdeau, Zach Parise, Nikolaj Ehlers, Jakub Vrana

Scratches
None


% Time on Ice - WASHINGTON

Lines # - Real PCT - Wanted PCT - Time Play
Normal Forward
1 - 26% - 40% - 9:59
2 - 24% - 35% - 9:14
3 - 28% - 20% - 10:45
4 - 21% - 5% - 7:54
Normal Defense
1 - 34% - 45% - 12:45
2 - 34% - 40% - 12:48
3 - 27% - 10% - 10:12
4 - 6% - 5% - 2:07
PP Forward
1 - 51% - 50% - 5:43
2 - 49% - 50% - 5:33
PP Defense
1 - 58% - 65% - 6:29
2 - 42% - 35% - 4:47
PK Forward
1 - 47% - 50% - 2:18
2 - 53% - 50% - 2:37
PK Defense
1 - 48% - 50% - 2:23
2 - 52% - 50% - 2:32
PK3 Forward
1 - 0% - 65%
2 - 0% - 35%
PK3 Defense
1 - 0% - 65%
2 - 0% - 35%
44 Forward
1 - 84% - 65% - 5:01
2 - 16% - 35% - 0:56
44 Defense
1 - 39% - 65% - 2:21
2 - 61% - 35% - 3:36
Last Minute Offensive  - 0:00
Last Minute Defensive  - 0:00
Total
Forward - 60:00
Defense - 60:00

% Time on Ice - VANCOUVER

Lines # - Real PCT - Wanted PCT - Time Play
Normal Forward
1 - 23% - 35% - 8:51
2 - 32% - 30% - 12:12
3 - 38% - 25% - 14:27
4 - 6% - 10% - 2:22
Normal Defense
1 - 33% - 35% - 12:34
2 - 31% - 30% - 11:51
3 - 36% - 25% - 13:27
4 - 0% - 10% - 0:00
PP Forward
1 - 41% - 60% - 2:02
2 - 59% - 40% - 2:53
PP Defense
1 - 54% - 60% - 2:39
2 - 46% - 40% - 2:16
PK Forward
1 - 66% - 60% - 7:25
2 - 34% - 40% - 3:51
PK Defense
1 - 51% - 60% - 5:48
2 - 49% - 40% - 5:28
PK3 Forward
1 - 100% - 60% - 0:05
2 - 0% - 40% - 0:00
PK3 Defense
1 - 100% - 60% - 0:05
2 - 0% - 40% - 0:00
44 Forward
1 - 69% - 60% - 4:04
2 - 31% - 40% - 1:48
44 Defense
1 - 45% - 60% - 2:38
2 - 55% - 40% - 3:14
Last Minute Offensive  - 0:00
Last Minute Defensive  - 0:00
Total
Forward - 60:00
Defense - 60:00

Play-by-Play

1st period


0:01 of 1st period - Nazem Kadri wins face-off versus Ryan O'Reilly in neutral zone.
0:05 of 1st period - Off-side.
0:06 of 1st period - Ryan Getzlaf wins face-off versus Nick Schmaltz in neutral zone.
0:09 of 1st period - Shot by Damon Severson.
0:09 of 1st period - Stopped by Petr Mrazek without a rebound.
0:10 of 1st period - Luke Glendening wins face-off versus Sheldon Dries in VANCOUVER zone.
0:13 of 1st period - Shot by Casey Cizikas.
0:13 of 1st period - Shot Blocked by TJ Brodie.
1:05 of 1st period - Minor Penalty to Nazem Kadri for High sticking.
1:06 of 1st period - Ryan Getzlaf wins face-off versus Mark Stone in VANCOUVER zone.
1:07 of 1st period - Shot by Brendan Gallagher.
1:07 of 1st period - Shot Blocked by Erik Johnson.
1:09 of 1st period - Shot by Damon Severson.
1:09 of 1st period - Shot Misses the Net.
1:15 of 1st period - Shot by Brendan Gallagher.
1:15 of 1st period - Shot Misses the Net.
1:17 of 1st period - Shot by Damon Severson.
1:17 of 1st period - Deflect By Ryan Getzlaf.
1:17 of 1st period - Stopped by Petr Mrazek without a rebound.
1:18 of 1st period - Ryan O'Reilly wins face-off versus Mark Stone in VANCOUVER zone.
1:21 of 1st period - Shot by Victor Hedman.
1:21 of 1st period - Shot Misses the Net.
1:49 of 1st period - Shot by Blake Wheeler.
1:49 of 1st period - Stopped by Petr Mrazek without a rebound.
1:50 of 1st period - Ryan Getzlaf wins face-off versus Zach Parise in VANCOUVER zone.
2:05 of 1st period - Shot by Ryan Graves.
2:05 of 1st period - Goal by Ryan Graves - WASHINGTON : 1 - VANCOUVER : 0.
2:06 of 1st period - Sam Bennett wins face-off versus Sheldon Dries in neutral zone.
2:10 of 1st period - Damon Severson is hit by Sami Vatanen and loses puck.
2:43 of 1st period - Sami Vatanen is hit by Christian Fischer and loses puck.
3:00 of 1st period - Icing by Sami Vatanen.
3:01 of 1st period - Melker Karlsson wins face-off versus Brendan Gallagher in VANCOUVER zone.
3:03 of 1st period - Icing by Jakub Vrana.
3:04 of 1st period - Sheldon Dries wins face-off versus Ryan Getzlaf in VANCOUVER zone.
3:04 of 1st period - Sheldon Dries is hit by Ryan Getzlaf.
3:21 of 1st period - Shot by Jonathan Huberdeau.
3:21 of 1st period - Shot Misses the Net.
3:33 of 1st period - Shot by Nazem Kadri.
3:33 of 1st period - Shot Hit the Post.
3:35 of 1st period - Shot by Nazem Kadri.
3:35 of 1st period - Shot Misses the Net.
3:37 of 1st period - Shot by Mark Stone.
3:37 of 1st period - Shot Misses the Net.
3:39 of 1st period - Shot by Ryan Ellis.
3:39 of 1st period - Shot Blocked by Victor Hedman.
4:06 of 1st period - Icing by Brendan Gallagher.
4:07 of 1st period - Nick Schmaltz wins face-off versus Ryan Getzlaf in WASHINGTON zone.
4:08 of 1st period - Shot by Zach Parise.
4:08 of 1st period - Shot Misses the Net.
4:10 of 1st period - Shot by Nikolaj Ehlers.
4:10 of 1st period - Stopped by Carter Hart without a rebound.
4:11 of 1st period - Nick Schmaltz wins face-off versus Ryan O'Reilly in WASHINGTON zone.
4:11 of 1st period - Nick Schmaltz is hit by Damon Severson.
4:16 of 1st period - Nikolaj Ehlers is hit by Damon Severson and loses puck.
5:24 of 1st period - Shot by Jonathan Huberdeau.
5:24 of 1st period - Shot Misses the Net.
5:26 of 1st period - Shot by Erik Johnson.
5:26 of 1st period - Shot Blocked by Dylan DeMelo.
5:28 of 1st period - Shot by Ryan Ellis.
5:28 of 1st period - Stopped by Carter Hart without a rebound.
5:29 of 1st period - Sam Bennett wins face-off versus Sheldon Dries in WASHINGTON zone.
5:43 of 1st period - Christian Fischer is hit by Sami Vatanen and loses puck.
5:51 of 1st period - Sami Vatanen is hit by Sam Bennett and loses puck.
5:56 of 1st period - Ryan Graves is hit by Sheldon Dries and loses puck.
6:03 of 1st period - Shot by Melker Karlsson.
6:03 of 1st period - Shot Blocked by Christian Fischer.
6:05 of 1st period - Shot by Sami Vatanen.
6:05 of 1st period - Shot Misses the Net.
6:45 of 1st period - Shot by Jonathan Huberdeau.
6:45 of 1st period - Deflect By Mark Stone.
6:45 of 1st period - Stopped by Carter Hart without a rebound.
6:46 of 1st period - Ryan O'Reilly wins face-off versus Nick Schmaltz in WASHINGTON zone.
6:55 of 1st period - Shot by Nick Schmaltz.
6:55 of 1st period - Shot Misses the Net.
6:57 of 1st period - Shot by Luca Sbisa.
6:57 of 1st period - Goal by Luca Sbisa - WASHINGTON : 1 - VANCOUVER : 1.
6:58 of 1st period - Nazem Kadri wins face-off versus Luke Glendening in neutral zone.
7:15 of 1st period - Shot by Jonathan Huberdeau.
7:15 of 1st period - Shot Misses the Net.
7:30 of 1st period - Icing by Dylan DeMelo.
7:31 of 1st period - Luke Glendening wins face-off versus Nick Schmaltz in WASHINGTON zone.
7:31 of 1st period - Luke Glendening is hit by Nikolaj Ehlers.
7:32 of 1st period - Minor Penalty to Zach Parise for Roughing.
7:33 of 1st period - Mark Stone wins face-off versus Ryan Getzlaf in VANCOUVER zone.
7:33 of 1st period - Mark Stone is hit by Brendan Gallagher.
8:09 of 1st period - Shot by Damon Severson.
8:09 of 1st period - Stopped by Petr Mrazek without a rebound.
8:10 of 1st period - Mark Stone wins face-off versus Ryan O'Reilly in VANCOUVER zone.
8:10 of 1st period - Mark Stone is hit by Blake Wheeler.
9:10 of 1st period - Shot by Damon Severson.
9:10 of 1st period - Deflect By Clayton Keller.
9:10 of 1st period - Shot Blocked by Ryan Ellis.
9:12 of 1st period - Shot by Victor Hedman.
9:12 of 1st period - Shot Misses the Net.
9:46 of 1st period - Jakub Vrana is hit by Cal Clutterbuck and loses puck.
10:34 of 1st period - Icing by Victor Hedman.
10:35 of 1st period - Nick Schmaltz wins face-off versus Sam Bennett in WASHINGTON zone.
11:23 of 1st period - Erik Johnson is hit by Radko Gudas and loses puck.
11:57 of 1st period - Icing by Sami Vatanen.
11:58 of 1st period - Nazem Kadri wins face-off versus Ryan Getzlaf in VANCOUVER zone.
11:58 of 1st period - Nazem Kadri is hit by Ryan Getzlaf.
12:10 of 1st period - Minor Penalty to Ryan Getzlaf for Tripping.
12:11 of 1st period - Nazem Kadri wins face-off versus Luke Glendening in WASHINGTON zone.
12:22 of 1st period - Shot by Ryan Ellis.
12:22 of 1st period - Stopped by Carter Hart without a rebound.
12:23 of 1st period - Ryan O'Reilly wins face-off versus Nick Schmaltz in WASHINGTON zone.
13:52 of 1st period - Shot by Sami Vatanen.
13:52 of 1st period - Shot Misses the Net.
13:54 of 1st period - Shot by Zach Parise.
13:54 of 1st period - Stopped by Carter Hart without a rebound.
13:55 of 1st period - Mark Stone wins face-off versus Luke Glendening in WASHINGTON zone.
13:55 of 1st period - Jonathan Huberdeau is hit by Damon Severson and loses puck.
14:23 of 1st period - Shot by Brendan Gallagher.
14:23 of 1st period - Shot Misses the Net.
14:25 of 1st period - Shot by Ryan Getzlaf.
14:25 of 1st period - Deflect By Clayton Keller.
14:25 of 1st period - Stopped by Petr Mrazek without a rebound.
14:26 of 1st period - Alex Steen wins face-off versus Ryan O'Reilly in VANCOUVER zone.
14:26 of 1st period - Alex Steen is hit by Blake Wheeler.
14:55 of 1st period - Shot by Brayden Schenn.
14:55 of 1st period - Stopped by Petr Mrazek without a rebound.
14:56 of 1st period - Ryan Getzlaf wins face-off versus Nick Schmaltz in VANCOUVER zone.
14:57 of 1st period - Shot by Clayton Keller.
14:57 of 1st period - Shot Misses the Net.
15:16 of 1st period - Clayton Keller is hit by Ryan Ellis and loses puck.
16:33 of 1st period - Shot by Brayden Schenn.
16:33 of 1st period - Stopped by Petr Mrazek without a rebound.
16:34 of 1st period - Luke Glendening wins face-off versus Mark Stone in VANCOUVER zone.
17:03 of 1st period - Minor Penalty to Luke Glendening for Slashing.
17:04 of 1st period - Nick Schmaltz wins face-off versus Ryan O'Reilly in WASHINGTON zone.
17:26 of 1st period - Off-side.
17:27 of 1st period - Nazem Kadri wins face-off versus Ryan O'Reilly in neutral zone.
17:36 of 1st period - Shot by Jonathan Huberdeau.
17:36 of 1st period - Stopped by Carter Hart without a rebound.
17:37 of 1st period - Nick Schmaltz wins face-off versus Cal Clutterbuck in WASHINGTON zone.
17:37 of 1st period - Zach Parise is hit by Damon Severson and loses puck.
17:50 of 1st period - Shot by Zach Parise.
17:50 of 1st period - Shot Blocked by Damon Severson.
18:00 of 1st period - Shot by Nikolaj Ehlers.
18:00 of 1st period - Goal by Nikolaj Ehlers - WASHINGTON : 1 - VANCOUVER : 2.
18:01 of 1st period - Ryan O'Reilly wins face-off versus Nazem Kadri in neutral zone.
18:13 of 1st period - Blake Wheeler is hit by Sami Vatanen and loses puck.
19:39 of 1st period - Minor Penalty to Luca Sbisa for High sticking.
19:40 of 1st period - Mark Stone wins face-off versus Ryan Getzlaf in VANCOUVER zone.
Goals for this period are 1 for WASHINGTON vs 2 for VANCOUVER.
Shots for this period are 8 for WASHINGTON vs 8 for VANCOUVER.

2nd period


0:01 of 2nd period - Mark Stone wins face-off versus Ryan O'Reilly in neutral zone.
0:01 of 2nd period - Mark Stone is hit by Brayden Schenn.
0:15 of 2nd period - Shot by Jonathan Huberdeau.
0:15 of 2nd period - Shot Misses the Net.
1:44 of 2nd period - Shot by Casey Cizikas.
1:44 of 2nd period - Stopped by Petr Mrazek with a rebound.
1:58 of 2nd period - Shot by Jakub Vrana.
1:58 of 2nd period - Stopped by Carter Hart without a rebound.
1:59 of 2nd period - Sam Bennett wins face-off versus Nikolaj Ehlers in WASHINGTON zone.
2:06 of 2nd period - Sami Vatanen is hit by Sam Bennett and loses puck.
3:18 of 2nd period - Shot by Blake Wheeler.
3:18 of 2nd period - Shot Misses the Net.
4:12 of 2nd period - Shot by Clayton Keller.
4:12 of 2nd period - Goal by Clayton Keller - WASHINGTON : 2 - VANCOUVER : 2.
4:13 of 2nd period - Ryan Getzlaf wins face-off versus Mark Stone in neutral zone.
4:26 of 2nd period - Shot by Clayton Keller.
4:26 of 2nd period - Deflect By Brendan Gallagher.
4:26 of 2nd period - Shot Misses the Net.
4:28 of 2nd period - Shot by Clayton Keller.
4:28 of 2nd period - Stopped by Petr Mrazek without a rebound.
4:29 of 2nd period - Luke Glendening wins face-off versus Nick Schmaltz in VANCOUVER zone.
4:29 of 2nd period - Luke Glendening is hit by Erik Johnson.
4:58 of 2nd period - Shot by Zach Parise.
4:58 of 2nd period - Shot Misses the Net.
5:46 of 2nd period - Brendan Gallagher is hit by Erik Johnson and loses puck.
6:13 of 2nd period - Dylan DeMelo is hit by Nazem Kadri and loses puck.
6:46 of 2nd period - Shot by Mark Stone.
6:46 of 2nd period - Shot Misses the Net.
7:25 of 2nd period - Sami Vatanen is hit by Sam Bennett and loses puck.
7:52 of 2nd period - Shot by Luke Glendening.
7:52 of 2nd period - Shot Misses the Net.
7:54 of 2nd period - Shot by Cal Clutterbuck.
7:54 of 2nd period - Shot Blocked by Sami Vatanen.
8:57 of 2nd period - Shot by Brayden Schenn.
8:57 of 2nd period - Shot Blocked by TJ Brodie.
9:03 of 2nd period - Shot by Ryan O'Reilly.
9:03 of 2nd period - Shot Misses the Net.
9:09 of 2nd period - Shot by Blake Wheeler.
9:09 of 2nd period - Stopped by Petr Mrazek with a rebound.
10:01 of 2nd period - Shot by Cal Clutterbuck.
10:01 of 2nd period - Goal by Cal Clutterbuck - WASHINGTON : 3 - VANCOUVER : 2.
10:02 of 2nd period - Ryan Getzlaf wins face-off versus Nick Schmaltz in neutral zone.
10:10 of 2nd period - Icing by Victor Hedman.
10:11 of 2nd period - Ryan Getzlaf wins face-off versus Nick Schmaltz in WASHINGTON zone.
10:17 of 2nd period - Nikolaj Ehlers is hit by Victor Hedman and loses puck.
10:25 of 2nd period - Icing by Ryan Graves.
10:26 of 2nd period - Zach Parise wins face-off versus Ryan Getzlaf in WASHINGTON zone.
10:27 of 2nd period - Shot by Nick Schmaltz.
10:27 of 2nd period - Deflect By Zach Parise.
10:27 of 2nd period - Shot Misses the Net.
11:49 of 2nd period - Icing by Sami Vatanen.
11:50 of 2nd period - Luke Glendening wins face-off versus Mark Stone in VANCOUVER zone.
12:09 of 2nd period - Icing by Damon Severson.
12:10 of 2nd period - Nick Schmaltz wins face-off versus Luke Glendening in WASHINGTON zone.
12:10 of 2nd period - TJ Brodie is hit by Damon Severson and loses puck.
12:18 of 2nd period - Nikolaj Ehlers is hit by Damon Severson and loses puck.
12:22 of 2nd period - Minor Penalty to Nikolaj Ehlers for Hooking.
12:22 of 2nd period - Minor Penalty to Radko Gudas for Roughing.
12:23 of 2nd period - Ryan O'Reilly wins face-off versus Trevor Moore in WASHINGTON zone.
12:27 of 2nd period - Victor Hedman is hit by Erik Johnson and loses puck.
12:56 of 2nd period - Shot by Blake Wheeler.
12:56 of 2nd period - Stopped by Petr Mrazek without a rebound.
12:57 of 2nd period - Ryan O'Reilly wins face-off versus Mark Stone in VANCOUVER zone.
13:01 of 2nd period - Icing by Mark Stone.
13:02 of 2nd period - Ryan O'Reilly wins face-off versus Mark Stone in VANCOUVER zone.
13:43 of 2nd period - Victor Hedman is hit by Erik Johnson.
13:53 of 2nd period - Shot by Ryan Getzlaf.
13:53 of 2nd period - Shot Misses the Net.
13:55 of 2nd period - Shot by Ryan Getzlaf.
13:55 of 2nd period - Shot Misses the Net.
13:57 of 2nd period - Shot by Ryan Graves.
13:57 of 2nd period - Shot Misses the Net.
14:03 of 2nd period - Shot by Brayden Schenn.
14:03 of 2nd period - Stopped by Petr Mrazek without a rebound.
14:04 of 2nd period - Mark Stone wins face-off versus Brayden Schenn in VANCOUVER zone.
14:20 of 2nd period - Off-side.
14:21 of 2nd period - Zach Parise wins face-off versus Ryan O'Reilly in neutral zone.
14:27 of 2nd period - Icing by Clayton Keller.
14:28 of 2nd period - Nick Schmaltz wins face-off versus Ryan Getzlaf in WASHINGTON zone.
14:50 of 2nd period - Shot by Nikolaj Ehlers.
14:50 of 2nd period - Stopped by Carter Hart without a rebound.
14:51 of 2nd period - Luke Glendening wins face-off versus Sheldon Dries in WASHINGTON zone.
15:11 of 2nd period - Cal Clutterbuck is hit by Ryan Ellis and loses puck.
16:01 of 2nd period - Shot by Mark Stone.
16:01 of 2nd period - Shot Hit the Post.
16:34 of 2nd period - Icing by Luca Sbisa.
16:35 of 2nd period - Ryan O'Reilly wins face-off versus Nick Schmaltz in VANCOUVER zone.
17:05 of 2nd period - Shot by Nikolaj Ehlers.
17:05 of 2nd period - Deflect By Nick Schmaltz.
17:05 of 2nd period - Shot Blocked by Damon Severson.
17:10 of 2nd period - Ryan O'Reilly is hit by Zach Parise and loses puck.
17:57 of 2nd period - Shot by Ryan Getzlaf.
17:57 of 2nd period - Shot Blocked by Melker Karlsson.
17:59 of 2nd period - Shot by Dylan DeMelo.
17:59 of 2nd period - Stopped by Petr Mrazek without a rebound.
18:00 of 2nd period - Sam Bennett wins face-off versus Nazem Kadri in VANCOUVER zone.
18:00 of 2nd period - Sam Bennett is hit by Hampus Lindholm.
18:05 of 2nd period - Minor Penalty to Sami Vatanen for Hooking.
18:05 of 2nd period - Minor Penalty to Sam Bennett for Roughing.
18:06 of 2nd period - Ryan O'Reilly wins face-off versus Mark Stone in VANCOUVER zone.
18:20 of 2nd period - Icing by TJ Brodie.
18:21 of 2nd period - Ryan O'Reilly wins face-off versus Mark Stone in VANCOUVER zone.
18:27 of 2nd period - Off-side.
18:28 of 2nd period - Ryan O'Reilly wins face-off versus Mark Stone in neutral zone.
19:16 of 2nd period - Icing by Damon Severson.
19:17 of 2nd period - Brayden Schenn wins face-off versus Zach Parise in WASHINGTON zone.
19:17 of 2nd period - Brayden Schenn is hit by Nikolaj Ehlers.
19:29 of 2nd period - Shot by Kevin Labanc.
19:29 of 2nd period - Shot Misses the Net.
19:40 of 2nd period - Icing by Hampus Lindholm.
19:41 of 2nd period - Zach Parise wins face-off versus Ryan O'Reilly in VANCOUVER zone.
19:43 of 2nd period - Icing by Nikolaj Ehlers.
19:44 of 2nd period - Ryan O'Reilly wins face-off versus Zach Parise in VANCOUVER zone.
19:57 of 2nd period - Blake Wheeler is hit by Nikolaj Ehlers and loses puck.
19:59 of 2nd period - Minor Penalty to Zach Parise for Hooking.
Goals for this period are 2 for WASHINGTON vs 0 for VANCOUVER.
Shots for this period are 8 for WASHINGTON vs 2 for VANCOUVER.

3rd period


0:01 of 3rd period - Ryan O'Reilly wins face-off versus Mark Stone in neutral zone.
0:26 of 3rd period - Shot by Victor Hedman.
0:26 of 3rd period - Stopped by Petr Mrazek without a rebound.
0:27 of 3rd period - Mark Stone wins face-off versus Ryan O'Reilly in VANCOUVER zone.
1:46 of 3rd period - Icing by Damon Severson.
1:47 of 3rd period - Ryan Getzlaf wins face-off versus Mark Stone in WASHINGTON zone.
2:48 of 3rd period - Shot by Christian Fischer.
2:48 of 3rd period - Stopped by Petr Mrazek without a rebound.
2:49 of 3rd period - Ryan O'Reilly wins face-off versus Nick Schmaltz in VANCOUVER zone.
2:54 of 3rd period - Shot by Ryan O'Reilly.
2:54 of 3rd period - Shot Misses the Net.
2:56 of 3rd period - Shot by Ryan Graves.
2:56 of 3rd period - Stopped by Petr Mrazek without a rebound.
2:57 of 3rd period - Nick Schmaltz wins face-off versus Ryan O'Reilly in VANCOUVER zone.
2:57 of 3rd period - Nick Schmaltz is hit by Brayden Schenn.
3:02 of 3rd period - Minor Penalty to Zach Parise for Hooking.
3:03 of 3rd period - Mark Stone wins face-off versus Ryan O'Reilly in VANCOUVER zone.
3:18 of 3rd period - Shot by Ryan O'Reilly.
3:18 of 3rd period - Stopped by Petr Mrazek without a rebound.
3:19 of 3rd period - Ryan Getzlaf wins face-off versus Mark Stone in VANCOUVER zone.
3:28 of 3rd period - Shot by Damon Severson.
3:28 of 3rd period - Goal by Damon Severson - WASHINGTON : 4 - VANCOUVER : 2.
3:29 of 3rd period - Ryan O'Reilly wins face-off versus Zach Parise in neutral zone.
3:44 of 3rd period - Shot by Blake Wheeler.
3:44 of 3rd period - Shot Misses the Net.
3:46 of 3rd period - Shot by Blake Wheeler.
3:46 of 3rd period - Shot Blocked by Erik Johnson.
3:48 of 3rd period - Shot by Ryan O'Reilly.
3:48 of 3rd period - Shot Blocked by Ryan Ellis.
4:04 of 3rd period - Shot by Blake Wheeler.
4:04 of 3rd period - Stopped by Petr Mrazek without a rebound.
4:05 of 3rd period - Ryan Getzlaf wins face-off versus Nazem Kadri in VANCOUVER zone.
4:26 of 3rd period - Shot by Jonathan Huberdeau.
4:26 of 3rd period - Stopped by Carter Hart without a rebound.
4:27 of 3rd period - Cal Clutterbuck wins face-off versus Sheldon Dries in WASHINGTON zone.
4:27 of 3rd period - Cal Clutterbuck is hit by Sheldon Dries.
4:41 of 3rd period - Shot by Luke Glendening.
4:41 of 3rd period - Shot Blocked by TJ Brodie.
5:00 of 3rd period - Shot by Casey Cizikas.
5:00 of 3rd period - Shot Misses the Net.
5:02 of 3rd period - Shot by Dylan DeMelo.
5:02 of 3rd period - Shot Misses the Net.
5:04 of 3rd period - Shot by Luke Glendening.
5:04 of 3rd period - Shot Misses the Net.
5:27 of 3rd period - Minor Penalty to Luca Sbisa for Cross-checking.
5:28 of 3rd period - Mark Stone wins face-off versus Ryan Getzlaf in VANCOUVER zone.
7:51 of 3rd period - Minor Penalty to Sam Bennett for Hooking.
7:52 of 3rd period - Nick Schmaltz wins face-off versus Ryan O'Reilly in WASHINGTON zone.
8:37 of 3rd period - Ryan Graves is hit by Nikolaj Ehlers and loses puck.
9:12 of 3rd period - Shot by Nazem Kadri.
9:12 of 3rd period - Stopped by Carter Hart without a rebound.
9:13 of 3rd period - Luke Glendening wins face-off versus Nazem Kadri in WASHINGTON zone.
9:28 of 3rd period - Shot by Ryan Ellis.
9:28 of 3rd period - Stopped by Carter Hart without a rebound.
9:29 of 3rd period - Luke Glendening wins face-off versus Zach Parise in WASHINGTON zone.
10:05 of 3rd period - Shot by Jakub Vrana.
10:05 of 3rd period - Stopped by Carter Hart without a rebound.
10:06 of 3rd period - Mark Stone wins face-off versus Ryan Getzlaf in WASHINGTON zone.
11:46 of 3rd period - Shot by Nick Schmaltz.
11:46 of 3rd period - Shot Misses the Net.
12:02 of 3rd period - Shot by Zach Parise.
12:02 of 3rd period - Stopped by Carter Hart without a rebound.
12:03 of 3rd period - Nazem Kadri wins face-off versus Blake Wheeler in WASHINGTON zone.
12:05 of 3rd period - Mark Stone is hit by Victor Hedman and loses puck.
12:07 of 3rd period - Minor Penalty to Nazem Kadri for Slashing.
12:08 of 3rd period - Mark Stone wins face-off versus Ryan O'Reilly in VANCOUVER zone.
12:35 of 3rd period - Shot by Jonathan Huberdeau.
12:35 of 3rd period - Shot Misses the Net.
12:59 of 3rd period - Ryan Ellis is hit by Ryan Getzlaf and loses puck.
13:24 of 3rd period - Shot by Clayton Keller.
13:24 of 3rd period - Shot Misses the Net.
13:26 of 3rd period - Shot by Brendan Gallagher.
13:26 of 3rd period - Stopped by Petr Mrazek without a rebound.
13:27 of 3rd period - Ryan O'Reilly wins face-off versus Zach Parise in VANCOUVER zone.
14:11 of 3rd period - Off-side.
14:12 of 3rd period - Luke Glendening wins face-off versus Sheldon Dries in neutral zone.
14:19 of 3rd period - Luca Sbisa is hit by Dylan DeMelo and loses puck.
15:01 of 3rd period - Off-side.
15:02 of 3rd period - Nick Schmaltz wins face-off versus Sam Bennett in neutral zone.
15:02 of 3rd period - Nick Schmaltz is hit by Christian Fischer.
15:10 of 3rd period - Icing by Christian Fischer.
15:11 of 3rd period - Nazem Kadri wins face-off versus Sam Bennett in WASHINGTON zone.
15:12 of 3rd period - Shot by Jonathan Huberdeau.
15:12 of 3rd period - Shot Misses the Net.
15:33 of 3rd period - Ryan Graves is hit by Nazem Kadri and loses puck.
15:42 of 3rd period - Mark Stone is hit by Sam Bennett and loses puck.
15:56 of 3rd period - Ryan Ellis is hit by Ryan Graves and loses puck.
16:21 of 3rd period - Hampus Lindholm is hit by Sam Bennett and loses puck.
16:46 of 3rd period - Blake Wheeler is hit by Hampus Lindholm and loses puck.
16:51 of 3rd period - Shot by Blake Wheeler.
16:51 of 3rd period - Stopped by Petr Mrazek without a rebound.
16:52 of 3rd period - Brendan Gallagher wins face-off versus Melker Karlsson in VANCOUVER zone.
16:56 of 3rd period - Brendan Gallagher is hit by Luca Sbisa and loses puck.
17:04 of 3rd period - Minor Penalty to Sheldon Dries for Unsportsmanlike conduct.
17:04 of 3rd period - Minor Penalty to Dylan DeMelo for Cross-checking.
17:05 of 3rd period - Mark Stone wins face-off versus Ryan O'Reilly in WASHINGTON zone.
17:22 of 3rd period - Shot by Hampus Lindholm.
17:22 of 3rd period - Shot Blocked by Radko Gudas.
17:32 of 3rd period - Shot by Blake Wheeler.
17:32 of 3rd period - Deflect By Ryan O'Reilly.
17:32 of 3rd period - Stopped by Petr Mrazek with a rebound.
17:44 of 3rd period - Shot by Ryan O'Reilly.
17:44 of 3rd period - Stopped by Petr Mrazek without a rebound.
17:45 of 3rd period - Ryan O'Reilly wins face-off versus Zach Parise in VANCOUVER zone.
18:18 of 3rd period - Off-side.
18:19 of 3rd period - Ryan Getzlaf wins face-off versus Mark Stone in neutral zone.
18:34 of 3rd period - Shot by Jonathan Huberdeau.
18:34 of 3rd period - Shot Misses the Net.
19:15 of 3rd period - Melker Karlsson is hit by Victor Mete and loses puck.
19:18 of 3rd period - Shot by Melker Karlsson.
19:18 of 3rd period - Stopped by Carter Hart without a rebound.
19:19 of 3rd period - Zach Parise wins face-off versus Christian Fischer in WASHINGTON zone.
19:24 of 3rd period - Shot by Nick Schmaltz.
19:24 of 3rd period - Stopped by Carter Hart with a rebound.
19:28 of 3rd period - Shot by Nikolaj Ehlers.
19:28 of 3rd period - Shot Blocked by Victor Hedman.
Goals for this period are 1 for WASHINGTON vs 0 for VANCOUVER.
Shots for this period are 10 for WASHINGTON vs 7 for VANCOUVER.